 Dungeon Crawl Stone Soup version 0.30-a0-1163-gf69bf04e7a (webtiles) character file.

Game seed: 379094632518691712

89478 Ahpoh the Fencer (level 15, -4/127 HPs)
             Began as a Vine Stalker Berserker on Apr 28, 2023.
             Was a High Priest of Trog.
             Succumbed to a spriggan defender's poison
             ... on level 2 of the Depths.
             The game lasted 01:14:03 (16299 turns).

Ahpoh the Fencer (Vine Stalker Berserker)          Turns: 16299, Time: 01:14:03

Health: -4/127     AC: 24    Str: 25    XL:     15   Next: 97%
Magic:  10/16      EV: 12    Int:  7    God:    Trog [*****.]
Gold:   1629       SH:  0    Dex: 24    Spells: 14/14 levels left

rFire   + . .        k - +7 triple sword of the Girdle {elec, Str+4 Dex+4}
rCold   + . .        (shield currently unavailable)
rNeg    . . .        z - +3 chain mail
rPois   .            b - +2 helmet {SInv}
rElec   .            C - scarf {rC+ rF+}
rCorr   .            M - +1 pair of gloves of Indecent Exposure {Will+ Stlth+}
SInv    +            o - +2 pair of boots
Will    ++...        J - amulet of Vitality {RegenMP++ Regen++} Stlth
                     j - +4 ring of slaying
HPRegen 2.81/turn    p - ring of see invisible
MPRegen 0.95/turn

%: guardian spirit
@: berserking, lethally poisoned (-4 -> -33), very quick
A: fangs 3, regeneration 1, magic shield, antimagic bite, no potion heal 2,
screaming 1
a: Renounce Religion, Berserk, Trog's Hand, Brothers in Arms


You were on level 2 of the Depths.
You worshipped Trog.
Trog was extremely pleased with you.
You visited 2 branches of the dungeon, and saw 17 of its levels.
You also visited: Ossuary and Bailey.

You collected 1629 gold pieces.

Inventory:

Hand Weapons
 k - the +7 triple sword of the Girdle (weapon) {elec, Str+4 Dex+4}
   (You acquired it on level 5 of the Dungeon)

   Str:       It affects your strength (+4).
   Dex:       It affects your dexterity (+4).
 x - a +3 spear
 A - a +4 scimitar of flaming
 F - the +7 Spriggan's Knife {stab, EV+4 Stlth+}
   (You found it on level 13 of the Dungeon)

   Stab:      It is more effective when stabbing unaware enemies, sometimes
   treating them as though they were completely helpless.
   EV:        It affects your evasion (+4).
   Stlth:     It makes you more stealthy.
Armour
 b - a +2 helmet of see invisible (worn)
 o - a +2 pair of boots (worn)
 z - a +3 chain mail (worn)
 C - a scarf of resistance (worn)
 M - the +1 pair of gloves of Indecent Exposure (worn) {Will+ Stlth+}
   (You found it on level 15 of the Dungeon)

   Will:      It increases your willpower.
   Stlth:     It makes you more stealthy.
 N - +0 fire dragon scales
 O - +0 ice dragon scales
Jewellery
 f - a ring of fire
 j - a +4 ring of slaying (left hand)
 p - a ring of see invisible (right hand)
 y - an amulet of reflection
 G - a ring of resist corrosion
 J - the amulet of Vitality (around neck) {RegenMP++ Regen++}
   (You found it on level 14 of the Dungeon)

   [amulet of magic regeneration]

   It increases your rate of magic regeneration.
   Regen:     It increases your rate of health regeneration.
Wands
 c - a wand of flame (44)
 e - a wand of acid (3)
 u - a wand of digging (4)
 v - a wand of polymorph (13)
 B - a wand of charming (17)
Scrolls
 d - 6 scrolls of blinking
 i - 4 scrolls of magic mapping
 l - 3 scrolls of silence
 m - 4 scrolls of enchant weapon
 n - 2 scrolls of enchant armour
 r - 12 scrolls of teleportation
 s - 4 scrolls of immolation
 t - 2 scrolls of fog
 w - 7 scrolls of identify
 L - a scroll of poison
Potions
 g - 10 potions of curing
 h - 2 potions of berserk rage
 q - 2 potions of haste
 D - 3 potions of flight
 H - a potion of might
 I - a potion of magic {unknown}
Miscellaneous
 a - a phantom mirror
 E - a condenser vane (inert)
 K - a box of beasts


   Skills:
 + Level 12.5 Fighting
 + Level 19.0 Long Blades
 + Level 10.3 Armour
 + Level 4.4 Dodging
 + Level 2.8 Stealth
 + Level 3.9 Shields
 + Level 0.8 Evocations


You had 14 spell levels left.
You didn't know any spells.
Your spell library was empty.

Dungeon Overview and Level Annotations

Branches:
Dungeon (15/15)            Temple (0/1) D:5            Lair (0/5) D:11
    Orc (0/2) D:12         Vaults (0/5) D:13         Depths (2/4) D:15
Ossuary (visited)          Bailey (visited)

Altars:
Dithmenos
Gozag
Nemelex Xobeh
Okawaru
Trog
Uskayaw
Wu Jian
The Shining One

Shops:
D:7 *

Portals:
Hell: Depths:1 Depths:2
Ziggurat: Depths:1


Innate Abilities, Weirdness & Mutations

You have razor-sharp teeth.
Your natural rate of healing is unusually fast.
When hurt, damage is shared between your health and your magic reserves.
Your bite disrupts and absorbs the magic of your enemies.
Potions cannot restore your health.
You occasionally shout uncontrollably at your foes.


Message History

You feel very sick.
The spriggan defender hits you with a +4 demon whip of venom.
You are more poisoned.
The spriggan defender hits you but does no damage.
You are more poisoned.
You slice the spriggan defender!! Your bite misses the spriggan defender.
The spriggan defender is moderately wounded.
You feel extremely sick.
The spriggan defender completely misses you.
The spriggan defender hits you with a +4 demon whip of venom!!
You are more poisoned.
The spriggan defender blocks your attack.
The spriggan defender is moderately wounded.
You feel extremely sick.
The spriggan defender hits you but does no damage. x2
You barely miss the spriggan defender. You bite the spriggan defender!
You drain its power.
You feel invigorated.
The spriggan defender is heavily wounded.
You feel extremely sick.
The spriggan defender barely misses you.
A red film seems to cover your vision as you go berserk!
You feel yourself moving faster!
You feel mighty!
You feel extremely sick.
The spriggan defender hits you but does no damage.
You are more poisoned.
The spriggan defender hits you with a +4 demon whip of venom!
* * * LOW HITPOINT WARNING * * *
You are more poisoned.
The spriggan defender hits you with a +4 demon whip of venom!
* * * LOW HITPOINT WARNING * * *
You are more poisoned.
You carve the spriggan defender like a ham!!!
You kill the spriggan defender!
Trog accepts your kill.
* * * LOW HITPOINT WARNING * * *
You feel extremely sick.
* * * LOW HITPOINT WARNING * * *
You feel extremely sick.
You feel a strong urge to attack something.
You die...

#..#......
#.........
#.##...###
#.# ### #.#
#########
#.#
#......<#
#.#
#.#######
#)# #.#
#@#######)#
#.).......#
###########


There were no monsters in sight!

Vanquished Creatures
  A tentacled monstrosity (Depths:2)
  A lich (Depths:1)
  Frances (D:13)
  A tengu reaver (D:13)
  3 fire giants
  A juggernaut zombie (D:15)
  2 frost giants
  2 stone giants
  A spriggan defender (Depths:2)
  Azrael (D:13)
  A minotaur (D:12)
  3 spark wasps (Depths:1)
  4 fire dragons
  5 ettins
  A yaktaur captain (D:13)
  The ghost of Ahpoh the Carver, a journeyman VSBe of Trog (D:13)
  Josephine (D:11)
  A hydra (D:15)
  3 ice dragons (Depths:1)
  A spriggan air mage (Depths:1)
  Erica (D:9)
  2 ogre magi
  3 boulder beetles
  4 centaur warriors
  4 tengu warriors
  7 two-headed ogres
  A deep troll earth mage (Depths:1)
  A deep troll shaman (D:14)
  Nergalle (D:10)
  A vampire mage (D:15)
  Amaemon (D:10)
  An iron troll (Depths:1)
  Sonja (D:10)
  A deep elf knight (D:13)
  13 skeletal warriors
  A titan skeleton (D:15)
  9 deep trolls
  A fire crab (shapeshifter) (D:15)
  A deep elf archer (D:13)
  A wizard (Depths:2)
  2 orc knights
  A harpy (shapeshifter) (D:13)
  2 deep elf pyromancers
  A necromancer (D:15)
  5 ugly things
  A fire giant zombie (D:15)
  4 manticores
  5 cyclopes
  An iron dragon zombie (D:15)
  Maurice (D:10)
  3 gargoyles
  An orange demon (D:10)
  Maggie (D:6)
  A komodo dragon (D:12)
  4 yaktaurs
  A guardian mummy (D:15)
  A komodo dragon (shapeshifter) (D:13)
  3 kobold demonologists
  2 efreet
  5 tengu conjurers
  A queen bee (shapeshifter) (D:13)
  4 trolls
  A hornet (D:10)
  A meliai (shapeshifter) (D:13)
  A tarantella (shapeshifter) (D:14)
  Prince Ribbit (D:6)
  A shadow (D:13)
  3 vampires
  17 slime creatures
  9 yaks
  8 wraiths
  A hog (shapeshifter) (D:13)
  2 wyverns (D:10)
  2 basilisks
  A steam dragon (D:10)
  10 vampire mosquitoes
  The ghost of TrollFarmer the Stinger, an amateur GnVM (D:4)
  Eustachio (D:6)
  Edmund (D:5)
  5 water moccasins
  4 hell hounds (D:13)
  A floating eye (Depths:2)
  7 black bears
  16 orc warriors
  2 ice beasts
  A boggart (D:14)
  3 ogres
  10 centaurs
  2 phantoms
  A kobold brigand (D:10)
  3 bullfrogs
  A gnoll sergeant (D:9)
  2 scorpions
  3 water moccasin zombies (Ossuary)
  11 wights
  A hornet simulacrum (D:14)
  11 killer bees (D:8)
  8 howler monkeys
  A hound (D:5)
  3 jellies
  9 orc priests
  2 sleepcaps
  6 iguanas
  12 orc wizards
  2 mummies (Ossuary)
  8 gnolls
  10 adders
  A white imp (D:7)
  3 adder zombies (Ossuary)
  A worm (D:3)
  4 dart slugs
  63 orcs
  4 ball pythons
  6 endoplasms
  5 giant cockroaches
  3 gnoll zombies (Ossuary)
  13 goblins
  5 hobgoblins
  2 jackals (D:1)
  6 quokkas
  2 bats
  5 frilled lizards
  6 hobgoblin zombies (Ossuary)
  14 kobolds
  2 kobold zombies (Ossuary)
  4 orc zombies (Ossuary)
  6 rats
501 creatures vanquished.

Vanquished Creatures (others)
  A tengu warrior (D:13)
  A demonic plant (D:1)
  5 fungi (D:11)
  5 plants (D:11)
  2 withered plants (D:15)
14 creatures vanquished.

Grand Total: 515 creatures vanquished

Notes
Turn   | Place    | Note
-------+----------+-------------------------------------------
     0 | D:1      | Ahpoh the Vine Stalker Berserker began the quest for the
                  | Orb.
     0 | D:1      | Reached XP level 1. HP: 11/11 MP: 2/2
   135 | D:1      | Reached XP level 2. HP: 16/16 MP: 3/3
   240 | D:1      | Found a faded altar of an unknown god.
   452 | D:1      | Reached skill level 3 in Long Blades
   863 | D:1      | Reached ** piety under Trog
   904 | D:1      | Reached XP level 3. HP: 15/20 MP: 2/4
  1717 | D:2      | Gained mutation: Your natural rate of healing is unusually
                  | fast. [Vine Stalker growth]
  1717 | D:2      | Reached XP level 4. HP: 16/24 MP: 3/5
  2235 | D:3      | Noticed a black bear
  2249 | D:3      | Killed a black bear
  2250 | D:3      | Reached skill level 4 in Long Blades
  2250 | D:3      | Reached XP level 5. HP: 28/28 MP: 3/6
  2659 | D:3      | Found an iron altar of Okawaru.
  2912 | D:4      | Reached *** piety under Trog
  2915 | D:4      | Reached XP level 6. HP: 33/33 MP: 4/7
  2954 | D:4      | Found a runed translucent gate.
  2956 | D:4      | Found a runed translucent gate.
  2959 | D:4      | Found a runed translucent gate.
  2959 | D:4      | Noticed TrollFarmer's ghost (amateur GnVM)
  2976 | D:4      | Identified the -1 pair of boots of Miracles {Harm rElec rF-
                  | Str-3 Stlth+}
  3062 | D:4      | Found a shadowy altar of Dithmenos.
  3103 | D:4      | Found a sand-covered staircase.
  3114 | Ossuary  | Entered an ossuary
  3176 | Ossuary  | Reached skill level 5 in Long Blades
  3239 | Ossuary  | Reached XP level 7. HP: 32/37 MP: 8/8
  3341 | D:4      | Found a glowing golden altar of the Shining One.
  3451 | D:4      | Found an opulent altar of Gozag.
  3694 | D:4      | Killed TrollFarmer's ghost
  3695 | D:4      | Reached skill level 6 in Long Blades
  3756 | D:5      | Entered Level 5 of the Dungeon
  3764 | D:5      | Reached **** piety under Trog
  3937 | D:5      | Identified a scroll of acquirement
  3937 | D:5      | Acquired the +7 triple sword of the Girdle {elec, Str+4
                  | Dex+4}
  3972 | D:5      | Noticed Edmund
  3986 | D:5      | Killed Edmund
  3987 | D:5      | Gained mutation: You have razor-sharp teeth. [Vine Stalker
                  | growth]
  3987 | D:5      | Reached XP level 8. HP: 42/42 MP: 9/9
  3989 | D:5      | Reached skill level 7 in Long Blades
  4321 | D:5      | Found a staircase to the Ecumenical Temple.
  4539 | D:6      | Reached skill level 8 in Long Blades
  4665 | D:6      | Identified the +3 leather armour of Ahaluj {rC+ Int+6
                  | Stlth-}
  4681 | D:6      | Reached skill level 5 in Fighting
  4681 | D:6      | Reached XP level 9. HP: 47/47 MP: 10/10
  4748 | D:6      | Noticed a kobold demonologist
  4748 | D:6      | Noticed a kobold demonologist
  4752 | D:6      | Noticed Prince Ribbit
  4754 | D:6      | Noticed a sixfirhy
  4763 | D:6      | Killed a kobold demonologist
  4764 | D:6      | Killed Prince Ribbit
  4765 | D:6      | Reached skill level 9 in Long Blades
  4767 | D:6      | Killed a kobold demonologist
  4864 | D:6      | Noticed Maggie
  4868 | D:6      | Killed Maggie
  4869 | D:6      | Reached skill level 5 in Armour
  4963 | D:6      | Found a hide-covered altar of Uskayaw.
  5014 | D:6      | Noticed Eustachio
  5020 | D:6      | Killed Eustachio
  5021 | D:6      | Reached skill level 10 in Long Blades
  5064 | D:7      | Found Jorahuta's Elemental Accessories.
  5077 | D:7      | Reached XP level 10. HP: 53/53 MP: 11/11
  5118 | D:7      | Found a flagged portal.
  5148 | D:7      | Reached ***** piety under Trog
  5158 | Bailey   | Entered a bailey
  5251 | Bailey   | Noticed an orc knight
  5260 | Bailey   | Killed an orc knight
  5264 | Bailey   | Found a large runed translucent door.
  5264 | Bailey   | Found a large runed translucent door.
  5326 | Bailey   | Noticed a deep elf pyromancer
  5390 | Bailey   | Killed a deep elf pyromancer
  5391 | Bailey   | Reached skill level 11 in Long Blades
  5462 | Bailey   | Gained mutation: You occasionally shout uncontrollably at
                  | your foes. [potion of mutation]
  6209 | D:8      | Reached skill level 1 in Stealth
  6924 | D:9      | Reached XP level 11. HP: 58/58 MP: 12/12
  6950 | D:9      | Reached skill level 12 in Long Blades
  7022 | D:9      | Noticed Erica
  7025 | D:9      | Killed Erica
  7026 | D:9      | Reached skill level 1 in Shields
  7175 | D:9      | Found a bloodstained altar of Trog.
  8100 | D:10     | Entered Level 10 of the Dungeon
  8110 | D:10     | Noticed Sonja
  8122 | D:10     | Killed Sonja
  8174 | D:10     | Received a gift from Trog
  8225 | D:10     | Noticed Maurice
  8247 | D:10     | Killed Maurice
  8293 | D:10     | Reached ****** piety under Trog
  8346 | D:10     | Reached skill level 13 in Long Blades
  8460 | D:10     | Noticed Amaemon
  8464 | D:10     | Killed Amaemon
  8519 | D:10     | Found an ornate altar of the Wu Jian Council.
  8727 | D:10     | Noticed Nergalle
  8736 | D:10     | Killed Nergalle
  8809 | D:11     | Reached XP level 12. HP: 65/65 MP: 13/13
  8809 | D:11     | Noticed a boulder beetle
  8816 | D:11     | Noticed a two-headed ogre
  8816 | D:11     | Noticed a two-headed ogre
  8832 | D:11     | Killed a two-headed ogre
  8832 | D:11     | Noticed a two-headed ogre
  8834 | D:11     | Killed a two-headed ogre
  8834 | D:11     | Identified the +6 great sword "Lifebane" {flame, rCorr
                  | Str-5 Int-5 SInv} (Trog gifted it to you on level 11 of the
                  | Dungeon)
  8834 | D:11     | Received a gift from Trog
  8835 | D:11     | Reached skill level 14 in Long Blades
  8839 | D:11     | Killed a two-headed ogre
  8846 | D:11     | Killed a boulder beetle
  8863 | D:11     | Noticed Josephine
  8887 | D:11     | Killed Josephine
  8987 | D:11     | Found a staircase to the Lair.
  8995 | D:11     | You fall into a shaft and drop 2 floors!
  9009 | D:13     | Noticed Azrael
  9011 | D:13     | Noticed a tengu warrior
  9017 | D:13     | Killed a tengu warrior
  9021 | D:13     | Killed Azrael
  9381 | D:13     | Found a runed translucent door.
  9381 | D:13     | Noticed Ahpoh's ghost (journeyman VSBe)
  9393 | D:13     | Noticed a centaur warrior
  9402 | D:13     | Killed a centaur warrior
  9482 | D:13     | Reached XP level 13. HP: 70/70 MP: 14/14
  9483 | D:13     | Reached skill level 15 in Long Blades
  9498 | D:13     | Noticed Frances
  9511 | D:13     | Killed Frances
  9843 | D:13     | Found a gate to the Vaults.
 10023 | D:13     | Noticed a fire dragon
 10030 | D:13     | Killed a fire dragon
 10105 | D:13     | Noticed a frost giant
 10125 | D:13     | Killed a frost giant
 10126 | D:13     | Reached skill level 10 in Fighting
 10245 | D:13     | Noticed an ettin
 10253 | D:13     | Found the +7 Spriggan's Knife {stab, EV+4 Stlth+}
 10257 | D:13     | Noticed a tengu reaver
 10265 | D:13     | Killed an ettin
 10267 | D:13     | Identified the +0 longbow "Vyesyif" {speed, Dex+4}
 10267 | D:13     | Noticed a yaktaur captain
 10451 | D:13     | Killed a yaktaur captain
 10454 | D:13     | Killed a tengu reaver
 10631 | D:13     | Reached skill level 16 in Long Blades
 10706 | D:13     | Identified the +8 ring mail "Qoqy" {*Slow rElec rCorr
                  | Dex+3}
 10726 | D:13     | a yak changed into an entropy weaver
 10726 | D:13     | Noticed an entropy weaver (glowing shapeshifter)
 10727 | D:13     | an entropy weaver changed into a polar bear
 10781 | D:13     | Killed Ahpoh's ghost
 10972 | D:12     | Identified the +9 great sword of Defence {flame, rF+ SInv}
                  | (Trog gifted it to you on level 12 of the Dungeon)
 10972 | D:12     | Received a gift from Trog
 11380 | D:12     | Found a runed translucent door.
 11429 | D:12     | Reached XP level 14. HP: 77/77 MP: 15/15
 11461 | D:12     | Found a staircase to the Orcish Mines.
 13238 | D:14     | Identified the +3 robe of Privacy {+Blink rPois Int+2}
 13272 | D:14     | Reached skill level 17 in Long Blades
 13446 | D:14     | Found the amulet of Vitality {RegenMP++ Regen++}
 13820 | D:15     | Entered Level 15 of the Dungeon
 13899 | D:15     | Received a gift from Trog
 13938 | D:15     | Identified the +1 pair of gloves of Indecent Exposure
                  | {Will+ Stlth+}
 14162 | D:15     | Found a staircase to the Depths.
 14183 | D:15     | Reached XP level 15. HP: 79/83 MP: 16/16
 14681 | D:15     | Reached skill level 18 in Long Blades
 14761 | Depths:1 | Entered Level 1 of the Depths
 14761 | Depths:1 | Noticed an angel
 14761 | Depths:1 | Noticed an angel
 14761 | Depths:1 | Found a gateway to Hell.
 14764 | Depths:1 | Found a one-way gateway to a ziggurat.
 14832 | Depths:1 | Noticed a frost giant
 14839 | Depths:1 | Killed a frost giant
 14956 | Depths:1 | Noticed a fire giant
 14980 | Depths:1 | Killed a fire giant
 15175 | Depths:1 | Reached skill level 10 in Armour
 15191 | Depths:1 | Found a sparkling altar of Nemelex Xobeh.
 15341 | Depths:1 | Found a hide-covered altar of Uskayaw.
 15360 | Depths:1 | Noticed a lich
 15384 | Depths:1 | Killed a lich
 15934 | Depths:2 | Paralysed by a floating eye for 2 turns
 15968 | Depths:2 | Noticed a tentacled monstrosity
 15968 | Depths:2 | Paralysed by a floating eye for 2 turns
 15970 | Depths:2 | Noticed a frost giant
 15974 | Depths:2 | Noticed a fire giant
 15976 | Depths:2 | Killed a tentacled monstrosity
 16059 | Depths:2 | Noticed a fire giant
 16071 | Depths:2 | Killed a fire giant
 16187 | Depths:2 | Noticed a fire giant
 16204 | Depths:2 | Killed a fire giant
 16205 | Depths:2 | Reached skill level 19 in Long Blades
 16298 | Depths:2 | HP: 3/127 [poisoned by a spriggan defender]
 16299 | Depths:2 | Succumbed to a spriggan defender's poison

Illustrated notes

Levels and vault maps discovered:
D:1:      co_arrival_square_in_a_square_in_a_square, layout_loops_corners,
          shapermc_ecumenical_altar_gd, kennysheep_small_spiral
D:2:      layout_basic, minmay_distorted
D:3:      layout_loops_ring, lemuel_doored_altar, corner_web_ring, st_stairs_6
D:4:      layout_basic, mainiacjoe_overflow_brackets, kennysheep_mini,
          lemuel_round_altar, nicolae_ossuary_entry_ruins, gammafunk_ghost_split
D:5:      layout_cave_pools, minmay_temple_entry_junction,
          amcnicky_mini_corridor_feature, uniq_edmund
D:6:      layout_gridville, mainiacjoe_overflow_alcove_2, uniq_maggie,
          uniq_eustachio, uniq_grinder, uniq_prince_ribbit1
D:7:      layout_cave_pools, enter_bailey_5, nicolae_elemental_shop
D:8:      layout_basic
D:9:      layout_layer_cave, lemuel_crystal_altar, uniq_erica
D:10:     layout_roguey [special_room_orc], lemuel_coloured_pillars_altar,
          uniq_amaemon, uniq_sonja, uniq_nergalle, uniq_maurice
D:11:     layout_roguey, due_lair_maze_entry_diamond, minmay_microvault,
          uniq_josephine
D:12:     dreamdust_labyrinth, layout_basic, david_orc_3
D:13:     minmay_tile_spiral, layout_long_grid, david_vaults_4,
          ebering_ghost_inner_flame, kennysheep_generic_room_11, uniq_frances,
          uniq_azrael
D:14:     nooodl_glass_maze, layout_cave_pools, hangedman_decor_clover_reticule,
          hellmonk_guarded_unrand_vitality_bloodlust
D:15:     gammafunk_depths_entry_grave, layout_loops_ring,
          amcnicky_mini_pool_small, lemuel_old_faithful
Depths:1: layout_roguey, enter_ziggurat_c, nemelex_spade_bored_becter,
          hell_entry, nicolae_uskayaw_suspiria
Depths:2: minmay_the_grid_square_5x5_5x5_mashed
          [minmay_the_grid_square_5x5_longway, minmay_the_grid_square_5x5_empty,
          minmay_the_grid_square_5x5_sharp_hourglass,
          minmay_the_grid_square_5x5_eight,
          minmay_the_grid_square_5x5_bracketed,
          minmay_the_grid_square_5x5_dogpile,
          minmay_the_grid_square_5x5_prize_open,
          minmay_the_grid_square_5x5_inner_i,
          minmay_the_grid_square_5x5_prize_monsterx,
          minmay_the_grid_square_5x5_inset, minmay_the_grid_square_5x5_empty,
          minmay_the_grid_square_5x5_hollow_slash,
          minmay_the_grid_square_5x5_prize_junk,
          minmay_the_grid_square_5x5_plus,
          minmay_the_grid_square_5x5_pentomino_r,
          minmay_the_grid_square_5x5_bite,
          minmay_the_grid_square_5x5_prize_waves,
          minmay_the_grid_square_5x5_inverted_slash,
          minmay_the_grid_square_5x5_prize_snowflake,
          minmay_the_grid_square_5x5_broken_cross,
          minmay_the_grid_square_5x5_checkered_statues,
          minmay_the_grid_square_5x5_two_small, minmay_the_grid_square_5x5_six,
          minmay_the_grid_square_5x5_three_walls, minmay_the_grid_square_5x5_z],
          layout_basic, hell_entry, rand_demon_pan_entry_5, patterned_corridor

Skill      XL: |  1  2  3  4  5  6  7  8  9 10 11 12 13 14 15 |
---------------+----------------------------------------------+-----
Long Blades    | 3 4 5 6 8 10 11 13 14 16 17 19 | 19.0
Fighting       | 3 4 5 6 8 9 10 11 12 | 12.5
Armour         | 2 3 4 5 6 7 8 9 10 | 10.3
Dodging        | 2 3 4 |  4.4
Stealth        | 1 2 |  2.8
Shields        | 1 2 3 |  3.9
Evocations     | |  0.8

Action                     |  1- 3 |  4- 6 |  7- 9 | 10-12 | 13-15 || total
---------------------------+-------+-------+-------+-------+-------++-------
  Melee: Falchion          |    17 |       |       |       |       ||    17
         Long sword        |    94 |   120 |    45 |       |       ||   259
         Bite              |    25 |    35 |    38 |    96 |   220 ||   414
         Punch             |     1 |     3 |     1 |       |       ||     5
         Triple sword      |       |       |   107 |   365 |   511 ||   983
         Scimitar          |       |       |       |       |     5 ||     5
 Invoke: Berserk           |       |     2 |     4 |     7 |    24 ||    37
         Trog's Hand       |       |       |       |       |     4 ||     4
  Evoke: Wand              |       |       |       |       |     3 ||     3
         Phantom mirror    |       |       |       |       |     1 ||     1
         Condenser vane    |       |       |       |       |     1 ||     1
    Use: Potion            |     6 |     2 |     1 |     2 |     6 ||    17
         Scroll            |     2 |     2 |     8 |     2 |       ||    14
   Stab: Distracted        |       |       |       |       |     1 ||     1
 Armour: Chain mail        |    64 |    67 |   149 |   165 |   274 ||   719
         Plate armour      |       |       |       |    98 |       ||    98
  Dodge: Dodged            |    40 |    39 |    92 |   212 |   226 ||   609
  Block: Other             |       |       |       |    81 |    64 ||   145
         Reflection        |       |       |       |     4 |     8 ||    12

Table legend: (Time is in decaauts)
 A = Elapsed time spent in this place.
 B = Non-inter-level travel time spent in this place.
 C = Inter-level travel time spent in this place.
 D = Time resting spent in this place.
 E = Time spent auto-exploring this place.
 F = Levels seen in this place.
 G = Mean time per level.
                   A        B        C        D        E       F      G
               +--------+--------+--------+--------+--------+-----+--------+
         Total |  16774 |  16017 |    757 |   1934 |   8906 |  19 |  882.8 |
       Dungeon |  14615 |  13875 |    740 |   1510 |   8336 |  15 |  974.3 |
        Depths |   1585 |   1568 |     17 |    352 |    535 |   2 |  792.5 |
       Ossuary |    194 |    194 |      0 |      0 |      0 |   1 |  194.0 |
        Bailey |    379 |    379 |      0 |     72 |     35 |   1 |  379.0 |
               +--------+--------+--------+--------+--------+-----+--------+

Top non-repeatable levels by time:
    D:13: 2203 daAuts
    D:12: 1390 daAuts
Depths:1: 1296 daAuts
     D:9: 1288 daAuts
     D:1: 1214 daAuts
     D:2: 1005 daAuts
    D:15: 955 daAuts
     D:8: 946 daAuts
    D:14: 922 daAuts
     D:5: 879 daAuts
    D:10: 801 daAuts
     D:4: 779 daAuts
     D:3: 750 daAuts
     D:7: 634 daAuts
     D:6: 543 daAuts
